 Dungeon Crawl Stone Soup version 0.21-a0-401-g0b6bec4 (webtiles) character file.

47 GenChuck the Skirmisher (level 3, 0/34 HPs)
             Began as a Minotaur Fighter on Oct 24, 2017.
             Was a Believer of Uskayaw.
             Killed by nerve-wracking pain
             ... invoked by Grinder
              (7 damage)
             ... on level 3 of the Dungeon.
             The game lasted 00:21:09 (1531 turns).

GenChuck the Skirmisher (Minotaur Fighter)          Turns: 1531, Time: 00:21:09

Health: 0/34       AC: 15    Str: 19 (21) XL:     3   Next: 48%
Magic:  2/2        EV:  3    Int:  2 (5)  God:    Uskayaw [**....]
Gold:   74         SH:  9    Dex:  8 (9)  Spells: 2/2 levels left

rFire    . . .     SeeInvis .   a - +0 war axe
rCold    . . .     Gourm    .   c - +0 shield
rNeg     . . .     Faith    .   u - +0 plate armour
rPois    .         Spirit   .   (helmet restricted)
rElec    .         Reflect  .   k - +2 cloak
rCorr    .         Harm     .   (no gloves)
MR       .....                  (no boots)
Stlth    ..........             (no amulet)
HPRegen  0.11/turn              (no ring)
MPRegen  0.08/turn              (no ring)

@: no status effects
A: retaliatory headbutt, horns 2
a: Stomp, Line Pass, Renounce Religion


You were on level 3 of the Dungeon.
You worshipped Uskayaw.
Uskayaw was noncommittal.
You were not hungry.

You visited 1 branch of the dungeon, and saw 3 of its levels.

You collected 74 gold pieces.

Inventory:

Hand Weapons
 a - a +0 war axe (weapon)
 i - a cursed -1 hand axe
 w - a +0 hunting sling
Missiles
 h - 7 curare-tipped needles (quivered)
 v - 16 sling bullets
 x - 75 stones
 y - 18 poisoned needles
Armour
 b - a +0 scale mail
 c - a +0 shield (worn)
 e - a +0 ring mail
 k - a +2 cloak (worn)
 p - a +0 ring mail
 t - a +0 scale mail
 u - a +0 plate armour (worn)
 z - a +0 helmet
Jewellery
 g - an uncursed ring of stealth {unknown}
Scrolls
 j - a scroll of blinking {unknown}
 m - 2 scrolls of identify {unknown}
 n - a scroll of random uselessness {unknown}
 r - 2 scrolls of remove curse {unknown}
 s - a scroll of amnesia {unknown}
Potions
 d - 3 potions of might
Comestibles
 f - a bread ration
 o - a royal jelly
 q - 3 meat rations
 A - a chunk of flesh


   Skills:
 + Level 4.4 Fighting
 - Level 2.5 Axes
 + Level 4.2 Armour
 + Level 0.7 Dodging
 + Level 4.2 Shields


You had 2 spell levels left.
You didn't know any spells.

Dungeon Overview and Level Annotations

Branches:
Dungeon (3/15)

Altars:
Uskayaw

Annotations:
D:3 Grinder


Innate Abilities, Weirdness & Mutations

You reflexively headbutt those who attack you in melee.
You have a pair of horns on your head.


Message History

Grinder gestures at you. Pain shoots through your body!
* * * LOW HITPOINT WARNING * * *
You can now pass through a line of other dancers.
A jackal comes into view.
You don't have enough magic capacity.
Unknown command.
It was a potion of degeneration.
There was something very wrong with that liquid.
You feel weakened.
You feel dopey.
You feel clumsy.
The jackal barks!
Grinder gestures at you. You resist with significant effort.
A kobold comes into view.
Grinder rolls her eyes.
Grinder gestures at you. You resist with significant effort.
Grinder gestures at you. Pain shoots through your body!
You die...

#. #..# #K #..#
####.#####..#
........##..#
.....h..##..#
........##..#
.......h##..########
........5...........
.###.....#.@########
#####.#..###
.......>..###########
####.#..............#
#.#.#...########.###
#.#.#....# #..<#
#<#.#....## #####
##..รท.....#
.............#.#


You could see Grinder and a jackal.

Vanquished Creatures
  A gnoll (D:1)
  2 dart slugs (D:1)
  3 bats
  A giant cockroach (D:1)
  2 goblins
  4 hobgoblins
  7 jackals
  2 kobolds
  2 frilled lizards
  9 rats
33 creatures vanquished.

Notes
Turn   | Place    | Note
-------+----------+-------------------------------------------
     0 | D:1      | GenChuck the Minotaur Fighter began the quest for the Orb.
     0 | D:1      | Reached XP level 1. HP: 19/19 MP: 0/0
   108 | D:1      | Reached XP level 2. HP: 26/27 MP: 1/1
   303 | D:1      | Reached XP level 3. HP: 29/33 MP: 2/2
  1265 | D:2      | Found a hide-covered altar of Uskayaw.
  1291 | D:2      | Became a worshipper of Uskayaw the Reveler
  1516 | D:3      | Noticed Grinder
  1519 | D:3      | Reached * piety under Uskayaw
  1526 | D:3      | Reached ** piety under Uskayaw
  1531 | D:3      | Killed from afar by Grinder

Vault maps used:
D:1:      matt_arrival_grand_opening
D:2:      old_standard_altar
D:3:      lemuel_crystal_altar, serial_park_tiny_2, uniq_grinder

Skill      XL: |  1  2 |
---------------+-------+-----
Armour         | 4 |  4.2
Shields        | 4 |  4.2
Fighting       | 4 |  4.4
Axes           | |  2.5
Dodging        | |  0.7

Action                   || total
-------------------------++-------
Melee: War axe           ||    83
       Headbutt          ||    11
  Use: Potion            ||     1
  Eat: Bread ration      ||     1
Armor: Scale mail        ||    19
       Ring mail         ||    13
       Plate armour      ||    21
Dodge: Dodged            ||    28
Block: Shield            ||    48

Table legend:
 A = Spawn XP
 B = Non-spawn XP
 C = Spawn XP percentage of total XP
 D = Spawn monster count
 E = Non-spawn monster count
 F = Spawn count percentage of total count
 G = Total turns spent on level
                    A         B        C        D         E        F      G
               +---------+---------+-------+---------+---------+-------+---------
         Total |       0 |      68 |   0.0 |       0 |      33 |   0.0 |  1531
               +---------+---------+-------+---------+---------+-------+---------
           D:1 |       0 |      56 |   0.0 |       0 |      25 |   0.0 |   690
           D:2 |       0 |       8 |   0.0 |       0 |       5 |   0.0 |   755
           D:3 |       0 |       4 |   0.0 |       0 |       3 |   0.0 |    86
               +---------+---------+-------+---------+---------+-------+---------
